 Dungeon Crawl Stone Soup version 0.32-a0-732-ga344392 (webtiles) character file.

Game seed: 10798134501310362787

19583 Ray the Toxicologist (level 12, -3/121 HPs)
             Began as an Octopode Alchemist on Mar 16, 2024.
             Was an Initiate of Gozag.
             Slain by a flayed ghost (13 damage)
             ... on level 12 of the Dungeon.
             The game lasted 00:20:55 (15168 turns).

Ray the Toxicologist (Octopode Alchemist)          Turns: 15168, Time: 00:20:56

Health: -3/121     AC: 26    Str:  7    XL:     12   Next: 70%
Magic:  10/19      EV:  2    Int: 23    God:    Gozag
Gold:   1104       SH:  0    Dex: 12    Spells: 9/21 levels left

rFire   + .          .
                       - Unarmed
rCold   . . .        (no shield)
rNeg    . . .        (helmet currently unavailable)
rPois   +            (no amulet)
rElec   .            q - +4 ring of slaying
rCorr   .            o - +5 ring of evasion
SInv    .            u - ring of protection from fire
Will    .....        (no ring)
Stlth   ++           (no ring)
HPRegen 0.40/turn    (no ring)
MPRegen 0.16/turn    (no ring)
                     (no ring)

%: no passive effects
@: tree-form (expiring), flayed, gold aura
A: stationary, stasis, torment immunity, boosted hp, almost no armour,
(amphibious), 8 rings, (camouflage 1), (gelatinous body 1), (nimble swimmer 1),
(tentacles)
a: Renounce Religion, Potion Petition, Call Merchant, Bribe Branch


You were on level 12 of the Dungeon.
You worshipped Gozag.
Gozag was most pleased with you.
You were a tree.
You visited 2 branches of the dungeon, and saw 13 of its levels.
You also visited: Bailey.

You collected 2546 gold pieces.
You paid 1442 gold pieces to Gozag.

Inventory:

Jewellery
 j - a ring of ice
 o - a +5 ring of evasion (right branch)
 q - a +4 ring of slaying (left branch)
 u - a ring of protection from fire (on tentacle)
 z - a ring of protection from fire
Talismans
 i - a flux talisman
 l - a beast talisman (active)
 x - a blade talisman
Wands
 d - a wand of warping (4)
 f - a wand of polymorph (12)
 n - a wand of paralysis (6)
 t - a wand of acid (1)
Scrolls
 h - 4 scrolls of teleportation
 r - 3 scrolls of identify
 v - a scroll of fear
 y - 3 scrolls of revelation
Potions
 a - 2 potions of magic
 b - a potion of invisibility
 c - 2 potions of curing
 e - 3 potions of mutation
 g - 3 potions of attraction
 k - a potion of ambrosia
 s - a potion of might {unknown}
 w - a potion of haste {unknown}


   Skills:
 + Level 7.2 Fighting
 + Level 7.4 Dodging
 - Level 2.6 Stealth
 * Level 9.6 Unarmed Combat
 - Level 5.0 Spellcasting
 - Level 1.0 Conjurations
 - Level 4.0 Fire Magic
 - Level 11.0 Alchemy
 * Level 9.4 Shapeshifting


You had 9 spell levels left.
You knew the following spells:

 Your Spells              Type           Power      Damage    Failure   Level
a - Sting                 Conj/Alch      100%       1d9       1%          1
b - Mephitic Cloud        Conj/Alch/Air  24%        N/A       5%          3
c - Olgreb's Toxic Radia  Alch           54%        N/A       1%          4
d - Sticky Flame          Fire/Alch      40%        2d8       4%          4

Your spell library contained the following spells:

 Spells                   Type           Power      Damage    Failure   Level
 Mercury Vapours          Alch/Air       62%        N/A       1%          2
 Magic Dart               Conj           40%        1d5       6%          1
 Summon Small Mammal      Summ           20%        N/A       10%         1
 Blink                    Tloc           10%        N/A       14%         2
 Call Imp                 Summ           10%        N/A       14%         2
 Dazzling Flash           Conj/Hex       16%        N/A       22%         3
 Call Canine Familiar     Summ           5%         N/A       28%         3
 Fugue of the Fallen      Necr           5%         N/A       28%         3
 Ozocubu's Armour         Ice            5%         N/A       28%         3
 Summon Blazeheart Golem  Fire/Summ      14%        N/A       38%         4
 Manifold Assault         Tloc           5%         N/A       67%         4
 Starburst                Conj/Fire      8%         6d4       99%         6
 Maxwell's Capacitive Co  Air            2%         ∞         100%        8


Dungeon Overview and Level Annotations

Branches:
Dungeon (12/15)            Temple (1/1) D:4            Lair (0/5) D:8
    Orc (0/2) D:12         Bailey (visited)

Altars:
Ashenzari
Cheibriados
Dithmenos
Elyvilon
Fedhas
Gozag
Hepliaklqana
Kikubaaqudgha
Makhleb
Nemelex Xobeh
Okawaru
Qazlal
Ru
Sif Muna
Trog
Uskayaw
Vehumet
Wu Jian
Xom
Yredelemnul
Zin
The Shining One

Shops:
D:4 :   D:7 ?   D:10 ?

Annotations:
D:3 Grinder
D:12 exclusion: door


Innate Abilities, Weirdness & Mutations

You are a tree.
Your roots penetrate the ground, keeping you stationary.
You cannot be teleported.
You are immune to unholy pain and torment.
Your maximum health is greatly increased.
You cannot wear most types of armour.
((You are amphibious.))
You can wear up to eight rings at the same time.
((Your skin changes colour to match your surroundings (Stealth+).))
((Your rubbery body absorbs attacks. (AC +1, EV +1)))
((You are camouflaged when in or above water. (Stealth+)))
((You have tentacles for arms and can constrict up to eight enemies at once.))


Message History

The troll claws you but does no damage. x2
You feel better. The troll bites you but does no damage.
The troll claws you but does no damage. x2
You feel better. The troll bites you.
* * * LOW HITPOINT WARNING * * *
The troll claws you but does no damage. x2
You smack the troll!
The troll is severely wounded.
The troll bites you but does no damage.
The troll claws you but does no damage. x2
You completely miss the troll.
The troll is severely wounded.
The troll bites you but does no damage.
The troll claws you but does no damage. x2
You smack the troll!
The troll is almost dead.
The troll bites you!
* * * LOW HITPOINT WARNING * * *
The troll claws you.
* * * LOW HITPOINT WARNING * * *
The troll claws you but does no damage.
You hit the troll.
The troll is almost dead.
Casting: Sticky Flame (mildly dangerous; 4% risk of failure)
Confirm with . or Enter, or press ? or * to list all spells.
Aiming: Sticky Flame (mildly dangerous; 4% risk of failure)
Press: ? - help, Shift-Dir - straight line, f/p - troll
Aim: a troll (almost dead, poisoned, covered in acid)
The sticky flame hits the troll!
You kill the troll!
The flayed ghost cries, "Feel what I felt!"
Terrible wounds spread across more of your body!
* * * LOW HITPOINT WARNING * * *
The flayed ghost stares at you with tortured malice.
Terrible wounds spread across more of your body!
* * * LOW HITPOINT WARNING * * *
You smack the flayed ghost!
You punch the flayed ghost.
The flayed ghost is severely damaged.
Your transformation is almost over.
The flayed ghost hits you!
You die...
Your body crumbles into a pile of gold.

# # #...)...................# #
#.#)###################.#.#### #
#.#.# ♣ #.....#.♣.♣.#.......
#...# ... #.♣♣♣.#♣.♣.♣#.######
#.#.#♣♣.♣♣#.....#.♣.♣.#.# #
#.#)#♣...♣#.##)##♣.♣.♣#.# #
#.#.#♣♣.♣♣#.#..##.♣.♣.#.## #
####.#.#♣...♣#.#..##♣.♣.♣#..# #
.........~~~.#.#♣###♣♣.♣♣...# #
.........~~~...#W#..........# #
.....#..!~~~.###$#.#♣♣.♣♣...# #
###..#.#♣...♣##..#.#♣.♣.♣#..#####
#..#.#♣♣.♣♣ #..#.#.♣.♣.#?...... #
#....#♣...♣##'##.#♣.♣.♣#.#.#### #
#....#♣♣.♣♣#.....#.♣.♣.#.#.# # #
####.#♣...♣#.♣♣♣.#♣.♣.♣#.#.# # #
##.#♣♣.♣♣#.....#.♣.♣.#...# #


You could see a flayed ghost (corroded).

Vanquished Creatures
  A yaktaur captain (D:12)
  Erica (D:8)
  8 two-headed ogres
  A skeletal warrior (D:12)
  Pikel (D:6)
  2 deep elf pyromancers
  2 manticores (D:12)
  A black mamba (shapeshifter) (D:12)
  An unseen horror (D:11)
  2 gargoyles
  3 trolls (D:12)
  A hornet (D:8)
  Sigmund (D:3)
  3 slime creatures (D:12)
  3 shadows
  A vampire (Bailey)
  3 wyverns
  A wraith (D:12)
  4 yaks
  3 steam dragons
  9 vampire mosquitoes
  3 acid dragons
  4 orc warriors
  3 ice beasts (D:5)
  2 lemures (D:6)
  An ogre (D:5)
  3 centaurs
  A kobold brigand (D:9)
  A phantom (D:6)
  A bullfrog (D:7)
  6 gnoll sergeants
  4 scorpions
  3 wights (D:7)
  14 killer bees
  7 howler monkeys
  8 vampire bats (Bailey)
  5 wolf zombies (Bailey)
  3 hounds
  2 jellies
  2 bombardier beetles (D:5)
  8 orc priests
  A sleepcap (D:4)
  Terence (D:3)
  6 iguanas
  13 orc wizards
  Robin (D:2)
  32 gnolls
  17 orc zombies (Bailey)
  7 adders
  2 shadow imps (D:5)
  A white imp (D:7)
  2 dart slugs
  28 orcs
  7 endoplasms
  3 giant cockroaches
  14 goblins
  7 hobgoblins
  3 jackals (D:1)
  2 quokkas
  6 ball pythons
  8 bats
  5 frilled lizards
  11 kobolds
  3 rats
313 creatures vanquished.

Vanquished Creatures (others)
  A gnoll (D:9)
1 creature vanquished.

Grand Total: 314 creatures vanquished

Notes
Turn   | Place    | Note
-------+----------+-------------------------------------------
     0 | D:1      | Ray the Octopode Alchemist began the quest for the Orb.
     0 | D:1      | Reached XP level 1. HP: 11/11 MP: 3/3
   212 | D:1      | Reached XP level 2. HP: 17/17 MP: 3/5
   247 | D:1      | Reached skill level 4 in Alchemy
   482 | D:1      | Reached XP level 3. HP: 21/21 MP: 1/6
   989 | D:2      | Reached skill level 5 in Alchemy
  1025 | D:2      | Reached XP level 4. HP: 24/27 MP: 2/7
  1086 | D:2      | Learned a level 4 spell: Olgreb's Toxic Radiance
  1521 | D:2      | Noticed Robin
  1544 | D:2      | Killed Robin
  1545 | D:2      | Reached skill level 6 in Alchemy
  1551 | D:2      | Reached XP level 5. HP: 28/31 MP: 0/8
  1868 | D:3      | Learned a level 3 spell: Mephitic Cloud
  1869 | D:3      | Noticed Grinder
  1885 | D:3      | Noticed Terence
  1889 | D:3      | Killed Terence
  2230 | D:3      | Reached skill level 1 in Fighting
  2500 | D:3      | Noticed Sigmund
  2507 | D:3      | Killed Sigmund
  2508 | D:3      | Reached skill level 7 in Alchemy
  2508 | D:3      | Reached XP level 6. HP: 30/38 MP: 0/9
  2599 | D:3      | Reached skill level 8 in Alchemy
  2790 | D:4      | Found a staircase to the Ecumenical Temple.
  2813 | Temple   | Entered the Ecumenical Temple
  2835 | Temple   | Became a worshipper of Gozag Ym Sagoz the Greedy
  3199 | D:4      | Found a shimmering altar of Xom.
  3393 | D:4      | Found a hazy altar of Hepliaklqana.
  3433 | D:4      | Found Zerag's Book Emporium.
  3708 | D:4      | Reached XP level 7. HP: 35/43 MP: 6/10
  3964 | D:5      | Entered Level 5 of the Dungeon
  4358 | D:5      | Reached skill level 9 in Alchemy
  4364 | D:5      | Learned a level 4 spell: Sticky Flame
  4502 | D:5      | Reached XP level 8. HP: 48/48 MP: 2/13
  4775 | D:5      | Reached skill level 10 in Alchemy
  4888 | D:5      | Found a shimmering blue altar of Sif Muna.
  5081 | D:5      | Reached skill level 1 in Shapeshifting
  5410 | D:6      | Reached skill level 1 in Unarmed Combat
  5537 | D:6      | Reached skill level 1 in Fire Magic
  5692 | D:6      | Found an ornate altar of the Wu Jian Council.
  5922 | D:6      | Reached XP level 9. HP: 36/54 MP: 2/15
  6294 | D:6      | Noticed Pikel
  6305 | D:6      | Killed Pikel
  6512 | D:6      | Noticed a spectral centipede
  7103 | D:7      | Reached skill level 11 in Alchemy
  7401 | D:7      | Found Itzob's Jewellery Shoppe.
  7731 | D:7      | Reached skill level 5 in Spellcasting
  8116 | D:7      | Reached XP level 10. HP: 57/63 MP: 6/17
  8618 | D:8      | Found a basalt altar of Yredelemnul.
  8753 | D:8      | Found a radiant altar of Vehumet.
  8764 | D:8      | Found a staircase to the Lair.
  9041 | D:8      | Noticed Erica
  9053 | D:8      | Killed Erica
  9298 | D:8      | Reached skill level 5 in Shapeshifting
 10063 | D:9      | Noticed a two-headed ogre
 10076 | D:9      | Killed a two-headed ogre
 10077 | D:9      | Reached skill level 5 in Unarmed Combat
 10279 | D:9      | Reached skill level 5 in Dodging
 10846 | D:10     | Entered Level 10 of the Dungeon
 10869 | D:10     | Reached XP level 11. HP: 47/70 MP: 3/18
 10893 | D:10     | Reached skill level 5 in Fighting
 10929 | D:10     | Noticed a two-headed ogre
 10934 | D:10     | Killed a two-headed ogre
 10956 | D:10     | Found a flagged portal.
 11007 | Bailey   | Entered a bailey
 11850 | D:10     | Noticed a two-headed ogre
 11857 | D:10     | Noticed a two-headed ogre
 11864 | D:10     | Killed a two-headed ogre
 11870 | D:10     | Killed a two-headed ogre
 12271 | D:11     | Noticed a deep elf pyromancer
 12290 | D:11     | Killed a deep elf pyromancer
 13447 | D:12     | Noticed a skeletal warrior
 13488 | D:12     | Noticed a manticore
 13496 | D:12     | Killed a manticore
 13680 | D:12     | Noticed a two-headed ogre
 13689 | D:12     | Reached XP level 12. HP: 79/79 MP: 11/19
 13697 | D:12     | Killed a two-headed ogre
 13962 | D:12     | Found a staircase to the Orcish Mines.
 14254 | D:12     | Noticed a two-headed ogre
 14263 | D:12     | Killed a two-headed ogre
 14372 | D:12     | Noticed a two-headed ogre
 14377 | D:12     | Killed a two-headed ogre
 15042 | D:12     | Noticed a yaktaur captain
 15042 | D:12     | Noticed a two-headed ogre
 15048 | D:12     | Killed a two-headed ogre
 15054 | D:12     | Killed a yaktaur captain
 15168 | D:12     | Slain by a flayed ghost

Illustrated notes

Levels and vault maps discovered:
D:1:      eino_arrival_tree_alley, layout_basic
D:2:      layout_rooms, uniq_robin
D:3:      layout_basic, serial_shops, shop, uniq_terence, uniq_sigmund,
          uniq_grinder
D:4:      layout_loops_corners, mainiacjoe_overflow_alcove_1, xom_teletrap_fun,
          minmay_temple_entry_overgrown, serial_shops, shop,
          palyth_stone_intersect
D:5:      layout_rooms, mainiacjoe_overflow_24_doors, st_stairs_4,
          kennysheep_generic_room_3
D:6:      layout_loops_ring, pdpol_wu_jian_five_deadly_venoms, uniq_pikel
D:7:      layout_loops_corners, serial_shops, shop_fountains
D:8:      layout_gridville, yredelemnul_altar_generic,
          mainiacjoe_overflow_six_doors_small, lair_entry_dummy, uniq_erica
D:9:      layout_long_grid
D:10:     layout_loops_ring, enter_bailey_3
D:11:     layout_basic, serial_corexii_hall, corexii_hall_statues_s,
          chequers_hall_statues_wall_a, corexii_hall_statues_u
D:12:     nzn_winding_woodlands_small [nzn_winding_woodlands_5x15_pool,
          nzn_winding_woodlands_center_lodge,
          nzn_winding_woodlands_5x15_split_checker], layout_loops_ring,
          david_orc_3
Temple:   regret_index_temple_sphere_string

Skill      XL: |  1  2  3  4  5  6  7  8  9 10 11 12 |
---------------+-------------------------------------+-----
Alchemy        | 4 5 6 7 8 9 10 11 | 11.0
Fighting       | 1 2 3 4 6 7 |  7.2
Spellcasting   | 3 4 5 |  5.0
Shapeshifting  | 1 4 6 8 9 |  9.4
Unarmed Combat | 1 3 5 8 9 |  9.6
Fire Magic     | 1 3 4 |  4.0
Dodging        | 3 5 6 7 |  7.4
Stealth        | |  2.6
Conjurations   | |  1.0

Action                     |  1- 3 |  4- 6 |  7- 9 | 10-12 || total
---------------------------+-------+-------+-------+-------++-------
  Melee: Tentacles         |     3 |     5 |    15 |    51 ||    74
         Unarmed           |     1 |       |    30 |   182 ||   213
         Dagger            |    16 |    28 |    26 |       ||    70
         Constrict         |     3 |     8 |    17 |    32 ||    60
         Punch             |       |       |     1 |    11 ||    12
   Cast: Sting             |    44 |    10 |    11 |     3 ||    68
         Olgreb's Toxic Ra |       |    31 |    58 |    85 ||   174
         Sticky Flame      |       |       |    17 |    36 ||    53
         Mephitic Cloud    |       |       |       |     7 ||     7
 Invoke: Call Merchant     |       |       |     1 |     1 ||     2
  Evoke: Wand              |       |       |       |    11 ||    11
    Use: Scroll            |     2 |     5 |     5 |     3 ||    15
         Potion            |       |       |     1 |     8 ||     9
   Stab: Sleeping          |       |       |     1 |     7 ||     8
         Distracted        |       |       |     1 |       ||     1
         Paralysed         |       |       |       |     5 ||     5
 Armour: Skin              |    10 |    11 |    47 |   121 ||   189
  Dodge: Dodged            |     7 |     8 |    35 |   148 ||   198
   Form: Beast             |       |       |     1 |       ||     1

Table legend: (Time is in decaauts)
 A = Elapsed time spent in this place.
 B = Non-inter-level travel time spent in this place.
 C = Inter-level travel time spent in this place.
 D = Time resting spent in this place.
 E = Time spent auto-exploring this place.
 F = Levels seen in this place.
 G = Mean time per level.
                   A        B        C        D        E       F      G
               +--------+--------+--------+--------+--------+-----+--------+
         Total |  15148 |  14842 |    306 |   6906 |   6113 |  14 | 1082.0 |
       Dungeon |  14526 |  14262 |    264 |   6655 |   5920 |  12 | 1210.5 |
        Temple |     44 |      2 |     42 |      0 |      0 |   1 |   44.0 |
        Bailey |    577 |    577 |      0 |    251 |    193 |   1 |  577.0 |
               +--------+--------+--------+--------+--------+-----+--------+

Top non-repeatable levels by time:
    D:12: 1966 daAuts
     D:7: 1608 daAuts
     D:5: 1560 daAuts
     D:8: 1250 daAuts
     D:9: 1243 daAuts
     D:6: 1176 daAuts
     D:4: 1170 daAuts
     D:2: 978 daAuts
    D:11: 928 daAuts
     D:3: 913 daAuts
     D:1: 897 daAuts
    D:10: 832 daAuts
  Bailey: 577 daAuts
  Temple: 44 daAuts
